 Dungeon Crawl Stone Soup version 0.21-a0-264-g3e31e41 (webtiles) character file.

42364 tidbits the Martial Artist (level 13, -8/122 HPs)
             Began as a Green Draconian Necromancer on Sept 8, 2017.
             Was a Priest of Uskayaw.
             Mangled by a jumping spider (17 damage)
             ... on level 1 of the Spider Nest on Sept 9, 2017.
             The game lasted 02:22:30 (7864 turns).

tidbits the Martial Artist (DrNe)                   Turns: 7864, Time: 02:22:30

Health: -8/122     AC: 12    Str: 11    XL:     13   Next: 85%
Magic:  18/25      EV: 10    Int: 19    God:    Uskayaw [***...]
Gold:   885        SH:  0    Dex: 22    Spells: 7/28 levels left

rFire    . . .     SeeInvis .     - Unarmed
rCold    . . .     Gourm    .   (no shield)
rNeg     . . .     Faith    .   (armour unavailable)
rPois    +         Spirit   .   E - +2 hat
rElec    .         Reflect  .   C - +0 cloak "Diytt" {Dex+5} (curse)
rCorr    .         Harm     .   (no gloves)
MR       +....                  F - +0 pair of boots
Stlth    ++........             w - amulet of rage
HPRegen  1.30/turn              H - ring of protection from magic
MPRegen  0.19/turn              W - ring of Incredulity {Wiz Dex+4}

@: short of breath, berserk cooldown, held, regenerating, slowed, very slow
A: breathe noxious fumes, unfitting armour, poison resistance, cold-blooded, AC
+8
a: Breathe Noxious Fumes, Stomp, Line Pass, Renounce Religion, Evoke Berserk
Rage


You were on level 1 of the Spider Nest.
You worshipped Uskayaw.
Uskayaw was noncommittal.
You were very hungry.

You visited 4 branches of the dungeon, and saw 19 of its levels.
You also visited: Bailey.

You collected 1032 gold pieces.
You spent 147 gold pieces at shops.

Inventory:

Missiles
 e - 7 javelins (quivered)
 q - 8 poisoned tomahawks
 v - 141 arrows
 J - a throwing net {!f}
Armour
 C - the cursed +0 cloak "Diytt" (worn) {Dex+5}
   (You found it on level 5 of the Dungeon)

   It affects your dexterity (+5).
   It has a curse placed upon it.
 E - a +2 hat (worn)
 F - a +0 pair of boots (worn)
Jewellery
 w - an amulet of rage (around neck)
   (You found it on level 6 of the Dungeon)
 H - a ring of protection from magic (left hand)
   (You found it on level 6 of the Dungeon)
 I - an uncursed ring of see invisible
   (You found it on level 3 of the Dungeon)
 W - the ring of Incredulity (right hand) {Wiz Dex+4}
   (You found it on level 8 of the Dungeon)

   [ring of wizardry]

   It improves your spell success rate.
   It affects your dexterity (+4).
 X - a +5 ring of dexterity
   (You found it on level 6 of the Dungeon)
Wands
 z - a wand of iceblast (5/15)
 M - a wand of flame (16/48)
 N - a wand of iceblast (9/15)
Scrolls
 l - 2 scrolls of fear
 m - 5 scrolls of magic mapping
 r - 3 scrolls of remove curse
 t - a scroll of teleportation
 u - a scroll of immolation
 D - 2 scrolls of enchant weapon {unknown}
 L - a scroll of random uselessness {unknown}
 Z - a scroll of blinking
Potions
 c - 2 potions of mutation {unknown}
 f - a potion of magic
 g - 2 potions of cancellation
 j - a potion of brilliance {unknown}
 o - 2 potions of curing
 s - a potion of haste
 B - a potion of resistance {unknown}
 K - a potion of invisibility {unknown}
 O - a potion of flight {unknown}
 Q - 2 potions of lignification {unknown}
 S - 2 potions of berserk rage {unknown}
 T - a potion of degeneration {unknown}
 Y - 2 potions of agility {unknown}
Miscellaneous
 k - a phial of floods (inert)
 V - a lamp of fire (inert)
Comestibles
 b - 8 bread rations
 n - 2 chunks of flesh
 x - 7 meat rations


   Skills:
 - Level 13.0 Fighting
 - Level 8.6 Dodging
 - Level 2.0 Stealth
 - Level 13.3 Unarmed Combat
 - Level 8.2 Spellcasting
 - Level 2.0 Charms
 - Level 7.2 Necromancy
 - Level 2.4 Translocations
 + Level 3.0 Transmutations
 + Level 3.0 Earth Magic
 - Level 5.1 Invocations
 - Level 3.3 Evocations


You had 7 spell levels left.
You knew the following spells:

 Your Spells              Type           Power        Failure   Level  Hunger
a - Apportation           Tloc           ###...       1%          1    None
n - Animate Skeleton      Necr           N/A          1%          1    None
p - Petrify               Tmut/Erth      ###.....     11%         4    ###....
r - Regeneration          Chrm/Necr      ####......   1%          3    None
u - Control Undead        Necr           #####.....   1%          4    ###....
v - Vampiric Draining     Necr           #####.....   1%          3    None
z - Pain                  Necr           ####         1%          1    None
N - Animate Dead          Necr           N/A          1%          4    ###....


Dungeon Overview and Level Annotations

Branches:
Dungeon (11/15)              Lair (6/6) D:9          Shoals (0/4) Lair:3
 Spider (1/4) Lair:2        Slime (0/5) Lair:5          Orc (1/2) D:10
 Temple: D:4-7

Altars:
Fedhas
Kikubaaqudgha
Trog
Uskayaw

Shops:
D:4 ?   D:6 ?%[   D:8 (

Annotations:
Lair:4 exclusion: 4 oklob plants


Innate Abilities, Weirdness & Mutations

You can breathe blasts of noxious fumes.
Your lurid green scales are hard. (AC +8)
You cannot fit into any form of body armour.
Your system is resistant to poisons. (rPois)
You are cold-blooded and may be slowed by cold attacks.


Message History

Your orb spider zombie bites the redback.
Your water elemental hits the redback!
The redback dies!
You can no longer merge with and destroy a victim.
What are your orders? t - Shout!
Orders for allies: a - Attack new target. r - Retreat! s - Stop attacking. g - Guard the area. f - Follow me.
Anything else - Cancel.
Gang up on whom?
Press: ? - help, Dir - move target cursor, f - tarantella
Aim: a tarantella
Okay, then.
What are your orders? t - Shout!
Orders for allies: a - Attack new target. r - Retreat! s - Stop attacking. g - Guard the area. f - Follow me.
Anything else - Cancel.
Gang up on whom?
Press: ? - help, Dir - move target cursor, f - tarantella
Aim: a tarantella Attack!
The jumping spider pounces on your tarantella zombie!
The jumping spider bites your tarantella zombie.
The tarantella barely misses your tarantella zombie.
Your tarantella zombie bites the jumping spider but does no damage.
Your orb spider zombie splashes around in the water.
The jumping spider leaps!
The jumping spider closely misses your tarantella zombie.
The jumping spider bites your tarantella zombie.
The tarantella bites your tarantella zombie!
Your tarantella zombie completely misses the jumping spider.
The jumping spider closely misses you.
The jumping spider bites you but does no damage.
Unknown command.
You closely miss the jumping spider.
The jumping spider pounces on your tarantella zombie!
The jumping spider bites your tarantella zombie.
The tarantella bites your tarantella zombie.
Your tarantella zombie appears confused.
The jumping spider pounces on you.
* * * LOW HITPOINT WARNING * * *
You are caught in a web!
The jumping spider bites you.
* * * LOW HITPOINT WARNING * * *
The jumping spider pounces on your tarantella zombie!
Your tarantella zombie is destroyed!
Your water elemental hits the tarantella.
A wolf spider comes into view.
The jumping spider pounces on you.
* * * LOW HITPOINT WARNING * * *
You are caught in a web!
The jumping spider bites you.
* * * LOW HITPOINT WARNING * * *
The jumping spider pounces on your orb spider zombie!
The jumping spider barely misses your orb spider zombie.
The tarantella bites your emperor scorpion zombie!
Your emperor scorpion zombie hits the tarantella.
Your emperor scorpion zombie claws the tarantella but does no damage.
Your emperor scorpion zombie completely misses the tarantella.
Your orb spider zombie bites the tarantella.
The jumping spider leaps!
The jumping spider pounces on your orb spider zombie!
The jumping spider bites your orb spider zombie.
Your water elemental hits the tarantella.
The tarantella bites your emperor scorpion zombie.
Your emperor scorpion zombie closely misses the tarantella.
Your emperor scorpion zombie claws the tarantella but does no damage.
Your emperor scorpion zombie claws the tarantella!
Unknown command.
Press: ? - help, Shift-Dir - straight line, p - tarantella You exhale a blast of noxious fumes.
The blast of choking fumes misses your emperor scorpion zombie.
The blast of choking fumes misses the tarantella.
The blast of choking fumes hits the wolf spider.
The wolf spider is lightly wounded.
You are feeling very hungry.
The jumping spider leaps! x2
The wolf spider is engulfed in noxious fumes.
The tarantella is engulfed in noxious fumes.
The tarantella appears confused.
Your water elemental barely misses the tarantella.
The jumping spider pounces on you!
* * * LOW HITPOINT WARNING * * *
You are even more entangled.
The jumping spider bites you but does no damage.
The wolf spider is engulfed in noxious fumes.
The wolf spider appears confused.
The wolf spider hits your orb spider zombie!
Your orb spider zombie is destroyed!
The tarantella closely misses your water elemental.
Your emperor scorpion zombie hits the tarantella.
Your emperor scorpion zombie claws the tarantella.
Your emperor scorpion zombie claws the tarantella!
The tarantella dies!
Your Earth Magic skill increases to level 3!
Your water elemental hits the wolf spider!
Your water elemental engulfs the wolf spider in water!
The jumping spider pounces on you!
You die...

...[.....^...
............
...§§......
#...§..... .
#.§.ss..## ...
##..§E....#≈ ....#
#..†Z†.....#
......#..§@.......
#≈....s......
......≈###≈......#
....... .......##
....... .......#
....... ≈≈≈.#.###
.....^. ≈≈≈≈###
.........#≈##
....... ##


You could see a wolf spider (confused), 2 jumping spiders, a friendly water
elemental and a friendly emperor scorpion zombie.

Vanquished Creatures
  Gastronok (Lair:3)
  An emperor scorpion (Spider:1)
  A fire dragon (Lair:6)
  5 hydras
  A two-headed ogre (D:10)
  4 death yaks
  2 lindwurms
  An orb spider (Spider:1)
  A deep elf mage (D:10)
  A manticore (Lair:4)
  2 wolf spiders (Spider:1)
  8 elephants
  2 black mambas (Lair:6)
  Psyche (D:9)
  2 molten gargoyles (Lair:6)
  7 spiny frogs
  5 komodo dragons
  2 rime drakes
  A demonic crawler (Spider:1)
  2 trolls
  2 meliai (Lair:4)
  4 hornets (Lair:5)
  8 hippogriffs
  4 blink frogs (Lair:6)
  7 dream sheep
  3 tarantellas (Spider:1)
  6 wyverns
  22 yaks
  3 basilisks
  2 steam dragons (Lair:6)
  5 hell hounds
  5 water moccasins
  11 porcupines
  4 orc warriors
  2 sky beasts (D:7)
  2 black bears
  A necrophage (D:10)
  2 phantoms
  10 wolves
  3 centaurs
  6 crocodiles
  6 bullfrogs
  A scorpion (D:6)
  29 killer bees
  3 howler monkeys
  5 wights
  2 electric eels (D:6)
  2 crimson imps
  5 lava snakes (Lair:6)
  2 jellies (D:10)
  2 orc priests
  6 hounds
  2 orc wizards
  2 bullfrog skeletons
  2 centaur skeletons
  2 worker ants
  A howler monkey skeleton (D:10)
  4 gnolls (D:10)
  10 adders
  A shadow imp (D:7)
  2 worms
  3 leopard geckos
  15 orcs
  3 bats
  2 giant cockroaches (D:3)
  4 goblins
  3 hobgoblins
  8 kobolds
  6 quokkas
  4 frilled lizards
  4 rats
303 creatures vanquished.

Vanquished Creatures (collateral kills)
  A hydra (Lair:6)
  A death yak (Lair:6)
  A lindwurm (Lair:5)
  2 manticores (Lair:4)
  An elephant (Lair:5)
  A spiny frog (Lair:2)
  2 komodo dragons (Lair:4)
  A demonic crawler (Spider:1)
  A meliai (Lair:4)
  A queen bee (Lair:4)
  A blink frog (Lair:6)
  5 dream sheep
  2 hippogriffs (Lair:4)
  2 redbacks (Spider:1)
  A tarantella (Spider:1)
  A wyvern (Lair:4)
  6 yaks
  A steam dragon (Lair:6)
  5 basilisks
  2 hell hounds (Lair:6)
  A water moccasin (Lair:6)
  2 porcupines
  A black bear (Lair:4)
  2 centaurs (D:10)
  8 wolves
  A crocodile (Lair:1)
  A wyvern zombie (D:6)
  2 bullfrogs
  3 killer bees (Lair:4)
  A wight (D:7)
  A hound (D:7)
  A jelly (D:6)
  2 worker ants
  A worker ant zombie (D:7)
  A gnoll (Bailey)
  A leopard gecko (D:6)
  An orc (D:6)
  A goblin (D:2)
  A quokka (D:6)
  A ball python (D:2)
  A bush (Lair:6)
  3 fungi (Lair:6)
  2 plants
77 creatures vanquished.

Vanquished Creatures (others)
  A hippogriff (Lair:4)
  A kobold (Bailey)
  9 fungi
  15 plants
26 creatures vanquished.

Grand Total: 406 creatures vanquished

Notes
Turn   | Place    | Note
-------+----------+-------------------------------------------
     0 | D:1      | tidbits the Draconian Necromancer began the quest for the Orb.
     0 | D:1      | Reached XP level 1. HP: 14/14 MP: 3/3
    32 | D:2      | Found a bloodstained altar of Trog.
    50 | D:2      | Reached XP level 2. HP: 18/22 MP: 0/5
    53 | D:2      | Learned a level 1 spell: Animate Skeleton
   257 | D:1      | You fall through a shaft!
   417 | D:2      | Reached skill level 1 in Fighting
   555 | D:2      | Reached XP level 3. HP: 18/28 MP: 3/6
   560 | D:2      | Learned a level 3 spell: Vampiric Draining
   572 | D:3      | Noticed a dagger
   572 | D:3      | Noticed a hand axe
   866 | D:3      | Found a hide-covered altar of Uskayaw.
   875 | D:3      | Became a worshipper of Uskayaw the Reveler
   893 | D:3      | Reached * piety under Uskayaw
   908 | D:3      | Reached ** piety under Uskayaw
  1077 | D:4      | Reached skill level 2 in Fighting
  1077 | D:4      | Reached XP level 4. HP: 30/36 MP: 1/7
  1133 | D:4      | Reached skill level 5 in Necromancy
  1135 | D:4      | Reached *** piety under Uskayaw
  1138 | D:4      | Reached **** piety under Uskayaw
  1158 | D:4      | Learned a level 3 spell: Regeneration
  1169 | D:4      | Noticed a phantom
  1170 | D:4      | Found Migudgh's Magic Scroll Emporium.
  1172 | D:5      | Entered Level 5 of the Dungeon
  1196 | D:4      | Killed a phantom
  1196 | D:4      | Reached XP level 5. HP: 30/42 MP: 5/9
  1210 | D:4      | Bought a scroll of remove curse for 30 gold pieces
  1210 | D:4      | Bought a scroll of magic mapping for 35 gold pieces
  1228 | D:5      | Reached skill level 3 in Spellcasting
  1241 | D:5      | Got a scorched cloak
  1252 | D:5      | Identified the cursed +0 cloak "Diytt" {Dex+5} (You found it on level 5 of the Dungeon)
  1309 | D:6      | Found Heiclych's Food Emporium.
  1324 | D:6      | Reached skill level 3 in Fighting
  1380 | D:6      | Reached XP level 6. HP: 51/51 MP: 10/10
  1392 | D:6      | Reached skill level 2 in Dodging
  1392 | D:6      | Reached skill level 6 in Necromancy
  1403 | D:6      | HP: 3/51 [wyvern zombie (13)]
  1434 | D:6      | Found Giemec's Magic Scroll Emporium.
  1443 | D:6      | Bought a scroll of blinking for 82 gold pieces
  1498 | D:6      | Found Lyacyin's Antique Armour Emporium.
  1516 | D:6      | Noticed an orc warrior
  1536 | D:6      | Killed an orc warrior
  1536 | D:6      | Your scales start taking on a lurid green colour.
  1536 | D:6      | Reached XP level 7. HP: 57/57 MP: 1/12
  1536 | D:6      | Gained mutation: Your system is resistant to poisons. (rPois) [Green Draconian growth]
  1540 | D:6      | Reached skill level 1 in Evocations
  1623 | D:6      | Reached skill level 3 in Dodging
  1670 | D:6      | Learned a level 4 spell: Control Undead
  1851 | D:7      | Reached skill level 4 in Dodging
  1885 | D:7      | Found a blossoming altar of Fedhas.
  1959 | D:7      | Found an ancient bone altar of Kikubaaqudgha.
  2098 | D:7      | Reached skill level 5 in Dodging
  2149 | D:7      | Reached XP level 8. HP: 62/66 MP: 8/13
  2169 | D:7      | Reached skill level 4 in Fighting
  2296 | D:9      | Noticed Psyche
  2311 | D:9      | Killed Psyche
  2311 | D:9      | Reached skill level 6 in Fighting
  2337 | D:8      | Found Jufohusm's Antique Weapon Emporium.
  2367 | D:8      | Reached skill level 7 in Fighting
  2438 | D:8      | Got a heavily runed ivory ring
  2440 | D:8      | Identified the ring of Incredulity {Wiz Dex+4} (You found it on level 8 of the Dungeon)
  2542 | D:10     | Entered Level 10 of the Dungeon
  2599 | D:10     | Noticed a two-headed ogre
  2608 | D:10     | Reached skill level 4 in Spellcasting
  2614 | D:10     | Reached ***** piety under Uskayaw
  2616 | D:10     | Reached skill level 8 in Fighting
  2616 | D:10     | Reached skill level 6 in Dodging
  2616 | D:10     | Reached XP level 9. HP: 81/81 MP: 13/15
  2621 | D:10     | Reached ****** piety under Uskayaw
  2625 | D:10     | Killed a two-headed ogre
  2625 | D:10     | Reached skill level 5 in Spellcasting
  2639 | D:10     | Found a staircase to the Orcish Mines.
  2656 | D:10     | Learned a level 4 spell: Animate Dead
  2690 | D:11     | Noticed a troll
  2700 | D:10     | Reached skill level 9 in Fighting
  2700 | D:10     | Reached skill level 1 in Invocations
  2745 | D:10     | Found a flagged portal.
  2799 | D:10     | Reached skill level 7 in Dodging
  2804 | Bailey   | Entered a bailey
  2831 | Bailey   | Reached skill level 2 in Invocations
  2988 | Bailey   | Found an iron altar of Okawaru.
  3119 | D:10     | Noticed a deep elf mage
  3150 | D:10     | Killed a deep elf mage
  3150 | D:10     | Reached skill level 3 in Invocations
  3150 | D:10     | Reached XP level 10. HP: 73/91 MP: 1/17
  3274 | Orc:1    | Entered Level 1 of the Orcish Mines
  3299 | Orc:1    | Noticed an orc sorcerer
  3342 | D:11     | HP: 9/92 [centaur/arrow (3)]
  3348 | D:11     | Reached skill level 4 in Invocations
  3505 | D:9      | Reached skill level 10 in Fighting
  3575 | D:9      | Found a staircase to the Lair.
  3599 | Lair:1   | Entered Level 1 of the Lair of Beasts
  3646 | Lair:2   | Found a hole to the Spider Nest.
  3702 | Lair:2   | Reached skill level 8 in Dodging
  3727 | Lair:2   | Reached skill level 5 in Invocations
  3735 | Lair:2   | Noticed a spiny frog
  3748 | Lair:2   | Killed a spiny frog
  3909 | Lair:1   | Reached skill level 11 in Fighting
  4080 | Lair:3   | Found a staircase to the Shoals.
  4110 | Lair:3   | Noticed a spiny frog
  4127 | Lair:3   | Killed a spiny frog
  4127 | Lair:3   | Reached XP level 11. HP: 23/104 MP: 0/18
  4201 | Lair:3   | Reached skill level 12 in Fighting
  4217 | Lair:3   | Noticed Gastronok
  4262 | Lair:3   | Killed Gastronok
  4488 | Lair:3   | Reached skill level 13 in Fighting
  4525 | Lair:6   | Entered Level 6 of the Lair of Beasts
  4530 | Lair:6   | Noticed a death yak
  4547 | Lair:6   | Noticed a death yak
  4551 | Lair:6   | Noticed a death yak
  4555 | Lair:6   | Noticed a death yak
  4565 | Lair:6   | Killed a death yak
  4566 | Lair:6   | Killed a death yak
  4566 | Lair:6   | Reached skill level 6 in Spellcasting
  4568 | Lair:6   | HP: 10/107 [death yak (15)]
  4579 | Lair:6   | Killed a death yak
  4582 | Lair:6   | Killed a death yak
  4582 | Lair:6   | Reached skill level 7 in Spellcasting
  4600 | Lair:6   | Learned a level 1 spell: Apportation
  4727 | Lair:4   | Reached skill level 1 in Translocations
  4735 | Lair:4   | Reached skill level 1 in Charms
  4788 | Lair:4   | Reached skill level 2 in Translocations
  4805 | Lair:4   | Reached skill level 2 in Charms
  4934 | Lair:4   | Reached skill level 8 in Spellcasting
  4940 | Lair:4   | Reached skill level 7 in Necromancy
  4999 | Lair:3   | HP: 6/107 [elephant (16)]
  5004 | Lair:3   | Reached skill level 2 in Stealth
  5193 | Lair:5   | Reached skill level 1 in Unarmed Combat
  5193 | Lair:5   | Reached XP level 12. HP: 115/115 MP: 19/24
  5210 | Lair:5   | Reached skill level 2 in Unarmed Combat
  5237 | Lair:5   | Reached skill level 3 in Unarmed Combat
  5294 | Lair:5   | Reached skill level 4 in Unarmed Combat
  5412 | Lair:5   | Reached skill level 5 in Unarmed Combat
  5575 | Lair:5   | Identified the Handbook of Displacement and the Mountains
  5610 | Lair:5   | Noticed a six-headed hydra
  5619 | Lair:5   | Killed a six-headed hydra
  5619 | Lair:5   | Reached skill level 6 in Unarmed Combat
  5772 | Lair:5   | Noticed a five-headed hydra
  5791 | Lair:5   | Killed a five-headed hydra
  5791 | Lair:5   | Reached skill level 7 in Unarmed Combat
  5960 | Lair:5   | Reached skill level 8 in Unarmed Combat
  5988 | Lair:5   | HP: 6/115 [spiny frog (14)]
  6061 | Lair:5   | Found a staircase to the Slime Pits.
  6127 | Lair:6   | Reached skill level 9 in Unarmed Combat
  6219 | Lair:6   | Reached skill level 10 in Unarmed Combat
  6353 | Lair:6   | Noticed a five-headed hydra
  6364 | Lair:6   | Killed a five-headed hydra
  6364 | Lair:6   | Reached XP level 13. HP: 87/122 MP: 10/25
  6563 | Lair:6   | Reached skill level 11 in Unarmed Combat
  6748 | Lair:6   | Reached skill level 2 in Evocations
  6757 | Lair:6   | Found a large runed door.
  6758 | Lair:6   | Found a large runed door.
  6759 | Lair:6   | Noticed a fire dragon
  6886 | Lair:6   | Killed a fire dragon
  6886 | Lair:6   | Reached skill level 3 in Evocations
  7222 | Lair:4   | Reached skill level 12 in Unarmed Combat
  7595 | Lair:4   | Reached skill level 13 in Unarmed Combat
  7823 | Lair:2   | Learned a level 4 spell: Petrify
  7824 | Spider:1 | Entered Level 1 of the Spider Nest
  7824 | Spider:1 | Noticed an emperor scorpion
  7833 | Spider:1 | Reached skill level 1 in Transmutations
  7836 | Spider:1 | Reached skill level 1 in Earth Magic
  7847 | Spider:1 | Reached skill level 2 in Transmutations
  7847 | Spider:1 | Reached skill level 2 in Earth Magic
  7850 | Spider:1 | Killed an emperor scorpion
  7853 | Spider:1 | HP: 12/122 [demonic crawler (2)]
  7858 | Spider:1 | Reached skill level 3 in Transmutations
  7864 | Spider:1 | HP: 9/122 [jumping spider (8)]
  7864 | Spider:1 | Reached skill level 3 in Earth Magic
  7864 | Spider:1 | Mangled by a jumping spider

Vault maps used:
D:1:      minmay_arrival_cross, nrook_mini_vaults, minmay_split_cup_small
D:2:      bloody_trog
D:3:      grunt_temple_overflow_octagram, dancing_weapons_uskayaw
D:4:      lemuel_temple_firewalk_a, serial_shops, kennysheep_little_box, shop,
          nicolae_shop_overgrown_old_shop, shop_statue, nicolae_shop_crystal
D:5:      first_bread, uniq_prince_ribbit1
D:6:      serial_shops, kennysheep_mini_moat, nicolae_shop_stone,
          nicolae_shop_stone, shop, fountainhead, grunt_ministairs_10
D:7:      grunt_temple_overflow_diamond, serial_shops,
          nicolae_shop_overgrown_old_shop, fedhas_bush_and_centaur_altar
D:8:      gammafunk_corrupted_shrine, serial_shops, shop
D:9:      lair_entry_dummy, uniq_psyche
D:10:     orc_0_dummy, enter_bailey_2, hangedman_ranch, uniq_harold
D:11:     grunt_decor_clamped
Lair:1:   infiniplex_staircase_pool_2, serial_bayou_shore_a
Lair:2:   spider_nest_entry_web_field, grunt_forest_stairs_basic,
          grunt_megastairs_4
Lair:3:   elwin_shoals_entry_rocks, nicolae_lair_grove_arrangements,
          uniq_gastronok
Lair:4:   hangedman_what_comes_after_a, special_room, st_stairs_12
Lair:5:   cheibrodos_lair_overgrown_chateau, slime_dummy, minivault_11
Lair:6:   cheibrodos_lair_end_hotspot
Orc:1:    serial_shops, shop
Bailey:   bailey_axe_3, bailey

Skill      XL: |  1  2  3  4  5  6  7  8  9 10 11 12 13 |
---------------+----------------------------------------+-----
Fighting       | 1 2 3 8 9 11 13 | 13.0
Necromancy     | 5 6 7 |  7.2
Spellcasting   | 3 4 5 8 |  8.2
Dodging        | 2 5 6 7 8 |  8.6
Evocations     | 1 3 |  3.3
Invocations    | 3 5 |  5.1
Translocations | 2 |  2.4
Charms         | 2 |  2.0
Stealth        | 2 |  2.0
Unarmed Combat | 1 10 13 | 13.3
Transmutations | 3 |  3.0
Earth Magic    | 3 |  3.0

Action                   |  1- 3 |  4- 6 |  7- 9 | 10-12 | 13-15 || total
-------------------------+-------+-------+-------+-------+-------++-------
Melee: Dagger            |    51 |       |       |    28 |       ||    79
       Tailslap          |     4 |    14 |    55 |   142 |    64 ||   279
       Short sword       |       |    93 |   259 |   390 |       ||   742
       Unarmed           |       |       |       |   146 |   292 ||   438
       Punch             |       |       |       |    10 |    26 ||    36
Throw: Javelin           |       |       |     1 |    10 |     1 ||    12
 Cast: Pain              |    52 |     7 |    19 |    57 |       ||   135
       Animate Skeleton  |     6 |     4 |    14 |    34 |    11 ||    69
       Vampiric Draining |     1 |     7 |    29 |    62 |    19 ||   118
       Regeneration      |       |     4 |    10 |    43 |    39 ||    96
       Control Undead    |       |       |     2 |     2 |       ||     4
       Animate Dead      |       |       |     2 |    13 |     9 ||    24
       Apportation       |       |       |       |     6 |    14 ||    20
Invok: Stomp             |       |       |       |     1 |       ||     1
 Abil: Evoke Berserk Rag |       |     1 |     2 |    11 |     6 ||    20
       Breathe Noxious F |       |       |     4 |    27 |    19 ||    50
Evoke: Wand              |       |       |       |     5 |     8 ||    13
       Lamp of fire      |       |       |       |     1 |     1 ||     2
       Phial of floods   |       |       |       |     1 |     1 ||     2
  Use: Scroll            |     3 |       |     6 |    10 |     3 ||    22
       Potion            |       |     2 |       |     6 |       ||     8
 Stab: Paralysed         |       |     3 |     8 |    54 |    17 ||    82
       Confused          |       |       |     3 |    16 |     8 ||    27
       Sleeping          |       |       |     4 |     4 |       ||     8
       Distracted        |       |       |     3 |     3 |     1 ||     7
  Eat: Chunk             |     1 |     3 |    14 |    28 |    11 ||    57
       Royal jelly       |       |       |       |     1 |     1 ||     2
       Fruit             |       |       |       |     5 |     4 ||     9
Armor: Skin              |    16 |    43 |    96 |   147 |    88 ||   390
Dodge: Dodged            |    40 |    61 |   304 |   723 |   364 ||  1492
Block: Other             |    15 |    18 |    22 |       |       ||    55
       Reflection        |     4 |     1 |     6 |       |       ||    11

Table legend:
 A = Spawn XP
 B = Non-spawn XP
 C = Spawn XP percentage of total XP
 D = Spawn monster count
 E = Non-spawn monster count
 F = Spawn count percentage of total count
 G = Total turns spent on level
                    A         B        C        D         E        F      G
               +---------+---------+-------+---------+---------+-------+---------
         Total |       0 |   60521 |   0.0 |       0 |     376 |   0.0 |  7864
               +---------+---------+-------+---------+---------+-------+---------
           D:1 |       0 |      13 |   0.0 |       0 |       9 |   0.0 |   425
           D:2 |       0 |      57 |   0.0 |       0 |      15 |   0.0 |   434
           D:3 |       0 |      21 |   0.0 |       0 |      10 |   0.0 |   213
           D:4 |       0 |     151 |   0.0 |       0 |       7 |   0.0 |   142
           D:5 |       0 |      39 |   0.0 |       0 |       1 |   0.0 |    64
           D:6 |       0 |     758 |   0.0 |       0 |      25 |   0.0 |   585
           D:7 |       0 |     475 |   0.0 |       0 |      15 |   0.0 |   316
           D:8 |       0 |     259 |   0.0 |       0 |       3 |   0.0 |   191
           D:9 |       0 |    1147 |   0.0 |       0 |      10 |   0.0 |   329
          D:10 |       0 |    3363 |   0.0 |       0 |      31 |   0.0 |   567
          D:11 |       0 |     539 |   0.0 |       0 |       4 |   0.0 |    75
        Lair:1 |       0 |     822 |   0.0 |       0 |       5 |   0.0 |   164
        Lair:2 |       0 |    2441 |   0.0 |       0 |      19 |   0.0 |   350
        Lair:3 |       0 |    4172 |   0.0 |       0 |      13 |   0.0 |   604
        Lair:4 |       0 |   14420 |   0.0 |       0 |      87 |   0.0 |   982
        Lair:5 |       0 |   10697 |   0.0 |       0 |      52 |   0.0 |  1102
        Lair:6 |       0 |   16024 |   0.0 |       0 |      47 |   0.0 |  1023
      Spider:1 |       0 |    4707 |   0.0 |       0 |      12 |   0.0 |    40
         Orc:1 |       0 |       6 |   0.0 |       0 |       2 |   0.0 |    16
        Bailey |       0 |     410 |   0.0 |       0 |       9 |   0.0 |   242
               +---------+---------+-------+---------+---------+-------+---------

Table legend:
 A = Turns spent in this place as a percentage of turns spent in the entire game.
 B = Non-inter-level travel turns spent in this place as a percentage of non-inter-level travel turns spent in the entire game.
 C = Inter-level travel turns spent in this place as a percentage of turns spent in this place.
 D = Turns resting spent in this place as a percentage of non-inter-level travel turns spent in this place.
 E = Turns spent auto-exploring this place as a percentage of non-inter-level travel turns spent in this place.
 F = Non-inter-level travel turns spent in this place divided by the number of levels of this place that you've seen.
                   A       B       C       D       E      F
               +-------+-------+-------+-------+-------+----------------------
         Total | 100.0 | 100.0 |   4.5 |   0.0 |   0.0 | 375.4
       Dungeon |  42.5 |  42.4 |   4.7 |   0.0 |   0.0 | 289.4
          Lair |  53.7 |  53.6 |   4.7 |   0.0 |   0.0 | 671.2
   Spider Nest |   0.5 |   0.5 |   0.0 |   0.0 |   0.0 |  40.0
  Orcish Mines |   0.2 |   0.2 |   0.0 |   0.0 |   0.0 |  16.0
        Bailey |   3.1 |   3.2 |   0.0 |   0.0 |   0.0 | 242.0
               +-------+-------+-------+-------+-------+----------------------

Table legend:
 A = Kills in this place as a percentage of kills in entire the game.
 B = Kills by you in this place as a percentage of kills by you in the entire game.
 C = Kills by friends in this place as a percentage of kills by friends in the entire game.
 D = Other kills in this place as a percentage of other kills in the entire game.
 E = Experience gained in this place as a percentage of experience gained in the entire game.
 F = Experience gained in this place divided by the number of levels of this place that you have seen.
                   A       B       C       D       E      F
               +-------+-------+-------+-------+-------+----------------------
         Total | 100.0 | 100.0 | 100.0 | 100.0 | 100.0 | 3026.1
       Dungeon |  34.6 |  38.9 |  21.1 |   0.0 |  11.3 | 620.2
          Lair |  59.3 |  55.4 |  71.8 |  88.9 |  80.3 | 8096.0
   Spider Nest |   3.2 |   2.7 |   5.6 |   0.0 |   7.8 | 4707.0
  Orcish Mines |   0.5 |   0.7 |   0.0 |   0.0 |   0.0 |   6.0
        Bailey |   2.4 |   2.4 |   1.4 |  11.1 |   0.7 | 410.0
               +-------+-------+-------+-------+-------+----------------------

Vault maps used:
D:1:      minmay_arrival_cross, nrook_mini_vaults, minmay_split_cup_small
D:2:      bloody_trog
D:3:      grunt_temple_overflow_octagram, dancing_weapons_uskayaw
D:4:      lemuel_temple_firewalk_a, serial_shops, kennysheep_little_box, shop,
          nicolae_shop_overgrown_old_shop, shop_statue, nicolae_shop_crystal
D:5:      first_bread, uniq_prince_ribbit1
D:6:      serial_shops, kennysheep_mini_moat, nicolae_shop_stone,
          nicolae_shop_stone, shop, fountainhead, grunt_ministairs_10
D:7:      grunt_temple_overflow_diamond, serial_shops,
          nicolae_shop_overgrown_old_shop, fedhas_bush_and_centaur_altar
D:8:      gammafunk_corrupted_shrine, serial_shops, shop
D:9:      lair_entry_dummy, uniq_psyche
D:10:     orc_0_dummy, enter_bailey_2, hangedman_ranch, uniq_harold
D:11:     grunt_decor_clamped
Lair:1:   infiniplex_staircase_pool_2, serial_bayou_shore_a
Lair:2:   spider_nest_entry_web_field, grunt_forest_stairs_basic,
          grunt_megastairs_4
Lair:3:   elwin_shoals_entry_rocks, nicolae_lair_grove_arrangements,
          uniq_gastronok
Lair:4:   hangedman_what_comes_after_a, special_room, st_stairs_12
Lair:5:   cheibrodos_lair_overgrown_chateau, slime_dummy, minivault_11
Lair:6:   cheibrodos_lair_end_hotspot
Orc:1:    serial_shops, shop
Bailey:   bailey_axe_3, bailey
